AoeStats
← Ux'DonChauron

Arabia

510177437Analyzed
4v4 RM · 2d ago on Sep 29, 2026· 32m 16s· 8 players
Game mode
Random Map
Map size
Large (8 player)
Population
200
Speed
Normal
Resources
Standard
Victory
Conquest
Starting age
Dark Age
Ending age
Imperial Age
RankedLock teamsTeams togetherTeam positionsShared explorationLock speedFull tech treeHidden civsTurbo modeCheats
Victory
Defeat
🇪🇸 Saxons · Spain
1547
+9
🇪🇸 Britons · Spain
1474
+12
🇪🇸 Magyars · Spain
1389
+15
1283
+18
🇧🇷 Ethiopians · Brazil
1455
-17
🇦🇷 Persians · Argentina
1367
-13
🇭🇰 Sicilians · Hong Kong SAR China
1341
-12
🇨🇦 Varangians · Canada
1330
-12
dedw1ng
6:15 Loom
9:24 Feudal Age
11:54 Double-Bit Axe
12:45 Bloodlines
19:44 Scale Barding Armor
22:44 Horse Collar
26:11 Castle Age
25:31 Forging
27:17 Chain Barding Armor
27:09 Husbandry
felixaleman1010
6:29 Loom
8:52 Feudal Age
9:18 Double-Bit Axe
15:34 Scale Barding Armor
15:47 Forging
15:54 Horse Collar
19:01 Bloodlines
25:56 Castle Age
What's your ETA?
7:20 Loom
10:30 Feudal Age
11:01 Double-Bit Axe
10:58 Horse Collar
17:52 Fletching
18:03 Padded Archer Armor
24:53 Castle Age
23:42 Bloodlines
25:35 Bodkin Arrow
29:36 Leather Archer Armor
30:32 Wheelbarrow
30:08 Bow Saw
29:59 Heavy Plow
Perseu
6:29 Loom
8:39 Feudal Age
10:17 Double-Bit Axe
13:51 Fletching
15:24 Horse Collar
17:38 Padded Archer Armor
24:35 Castle Age
25:13 Bodkin Arrow
24:41 Crossbowman
26:05 Bow Saw
26:11 Gold Mining
26:53 Ballistics
32:01 Leather Archer Armor
Ux'TheNovack
5:05 Loom
9:29 Feudal Age
9:58 Double-Bit Axe
12:26 Fletching
21:37 Castle Age
21:18 Horse Collar
21:49 Crossbowman
22:30 Bodkin Arrow
26:08 Wheelbarrow
30:12 Ballistics
34:29 Imperial Age
Ux'DonChauron
5:22 Loom
8:24 Feudal Age
11:50 Fletching
15:21 Padded Archer Armor
24:45 Castle Age
22:57 Horse Collar
23:11 Double-Bit Axe
24:24 Gold Mining
25:16 Town Watch
25:36 Bodkin Arrow
25:01 Crossbowman
25:55 Heavy Plow
25:56 Town Watch
27:35 Ballistics
28:01 Bow Saw
28:55 Gold Shaft Mining
29:54 Leather Archer Armor
30:21 Wheelbarrow
Ux'Tycho0201
5:06 Loom
5:15 Loom
8:27 Feudal Age
15:03 Double-Bit Axe
16:41 Scale Barding Armor
22:56 Castle Age
21:40 Bloodlines
21:29 Horse Collar
21:41 Gold Mining
22:50 Town Watch
24:06 Chain Barding Armor
26:02 Wheelbarrow
26:11 Husbandry
28:27 Heavy Plow
28:42 Bow Saw
Izuru Alexandros RÆ
6:47 Loom
9:23 Feudal Age
9:45 Double-Bit Axe
13:44 Scale Barding Armor
14:52 Forging
24:53 Castle Age
23:37 Bloodlines
24:19 Gold Mining
26:02 Wheelbarrow
25:08 Light Cavalry
25:37 Light Cavalry
27:43 Husbandry
28:07 Chain Barding Armor
30:45 Iron Casting
Connection lost

Rejoining the realm…

Still unreachable

The connection could not be restored.

Session expired

The server has moved on; the page needs a fresh start.